 Dungeon Crawl Stone Soup version 0.27-a0-249-g74f53ef629 (webtiles) character file.

Game seed: 14728698126605535722

23394 lunkers the Zephyrmancer (level 12, 0/97 HPs)
             Began as a Demigod Air Elementalist on Feb 3, 2021.
             Slain by a seven-headed hydra (7 damage)
             ... while petrified by a basilisk
             ... on level 4 of the Lair of Beasts.
             The game lasted 00:26:33 (23063 turns).

lunkers the Zephyrmancer (DgAE)                    Turns: 23063, Time: 00:26:33

Health: 0/97       AC:  9    Str: 11    XL:     12   Next: 38%
Magic:  5/30       EV:  2    Int: 27    God:
Gold:   1004       SH:  0    Dex: 16    Spells: 24/31 levels left

rFire    . . .     SeeInvis .   a - +7 falchion "Ogreslayer" {flame, +Fly}
rCold    + . .     Faith    .   (no shield)
rNeg     + + +     Spirit   .   S - +2 leather armour of Vobuc {Slay+2}
rPois    ∞         Reflect  +   r - +1 helmet
rElec    .         Harm     .   H - +0 cloak
rCorr    .         Rampage  .   (no gloves)
Will     +....                  j - +0 pair of boots
Stlth    +++.......             n - amulet of reflection
HPRegen  0.26/turn              t - ring of protection from cold
MPRegen  0.22/turn              I - ring of stealth

@: petrified
A: high mp 1
a: Evoke Flight


You were on level 4 of the Lair of Beasts.
You visited 2 branches of the dungeon, and saw 14 of its levels.

You collected 1004 gold pieces.

Inventory:

Hand Weapons
 a - the +7 falchion "Ogreslayer" (weapon) {flame, +Fly}
   (You found it on level 10 of the Dungeon)

   It has been specially enchanted to burn those struck by it, causing extra
   injury to most foes and up to half again as much damage against particularly
   susceptible opponents.
   Big, fiery blades are also staple armaments of hydra-hunters.
   It lets you fly.
 g - a +1 dagger of holy wrath
 G - a +3 quarterstaff of chaos
 Q - a +2 dagger of electrocution
Armour
 j - a +0 pair of boots (worn)
 r - a +1 helmet (worn)
 x - a +0 leather armour of positive energy
 H - a +0 cloak (worn)
 J - a +2 ring mail of poison resistance
 S - the +2 leather armour of Vobuc (worn) {Slay+2}
   (You found it on level 1 of the Lair of Beasts)

   It affects your accuracy and damage with ranged weapons and melee attacks
   (+2).
Magical Staves
 o - an uncursed staff of fire
Jewellery
 n - an amulet of reflection (around neck)
 t - a ring of protection from cold (left hand)
 I - a ring of stealth (right hand)
 M - an uncursed ring of fire
 O - an uncursed ring of protection from fire
 T - an uncursed amulet of magic regeneration {unknown}
 W - a cursed ring of teleportation {unknown}
Wands
 e - a wand of iceblast (20)
 l - a wand of acid (8)
 q - a wand of polymorph (6)
 E - a wand of digging (6)
 K - a wand of charming (8)
 R - a wand of random effects (29)
Scrolls
 h - a scroll of remove curse
 m - 3 scrolls of fog
 p - 2 scrolls of blinking {unknown}
 y - a scroll of fear
 B - 3 scrolls of enchant weapon
 D - 2 scrolls of magic mapping {unknown}
 F - 2 scrolls of amnesia
 L - 3 scrolls of immolation {unknown}
 P - a scroll of torment {unknown}
 U - a scroll of teleportation
 V - a scroll of enchant armour
 X - a scroll of identify
Potions
 b - 4 potions of brilliance
 c - a potion of berserk rage
 d - 3 potions of might
 f - 3 potions of haste
 i - 3 potions of curing
 k - 3 potions of heal wounds
 s - 5 potions of ambrosia
 u - 4 potions of mutation
 v - 5 potions of cancellation
 w - 4 potions of resistance
 z - 2 potions of magic
 A - 2 potions of lignification
 C - a potion of attraction
Miscellaneous
 N - a phantom mirror (inert)


   Skills:
 + Level 6.4 Fighting
 - Level 1.7 Dodging
 - Level 1.7 Stealth
 + Level 10.1 Spellcasting
 - Level 0.8 Conjurations
 * Level 14.9 Air Magic


You had 24 spell levels left.
You knew the following spells:

 Your Spells              Type           Power        Failure   Level
a - Airstrike             Air            38%          1%          4
b - Swiftness             Air            76%          1%          2
c - Shock                 Conj/Air       100%         1%          1

Your spell library contained the following spells:

 Spells                   Type           Power        Failure   Level
 Static Discharge         Conj/Air       54%          1%          3
 Animate Skeleton         Necr           26%          5%          1
 Apportation              Tloc           26%          5%          1
 Corona                   Hex            14%          5%          1
 Summon Small Mammal      Summ           52%          5%          1
 Lightning Bolt           Conj/Air       27%          6%          5
 Silence                  Hex/Air        26%          8%          5
 Call Imp                 Summ           13%          9%          2
 Call Canine Familiar     Summ           13%          17%         3
 Confusing Touch          Hex            13%          17%         3
 Gell's Gravitas          Tloc           6%           17%         3
 Ignite Poison            Fire/Tmut/Pois 13%          17%         3
 Spider Form              Tmut/Pois      6%           17%         3
 Summon Guardian Golem    Hex/Summ       13%          17%         3
 Cause Fear               Hex            6%           50%         4
 Petrify                  Tmut/Erth      13%          50%         4
 Summon Ice Beast         Ice/Summ       13%          50%         4
 Fireball                 Conj/Fire      8%           78%         5
 Irradiate                Conj/Tmut      8%           78%         5
 Metabolic Englaciation   Hex/Ice        6%           83%         5
 Summon Mana Viper        Hex/Summ       13%          83%         5
 Yara's Violent Unravell  Hex/Tmut       6%           83%         5
 Hydra Form               Tmut           6%           100%        6
 Starburst                Conj/Fire      8%           100%        6
 Statue Form              Tmut/Erth      8%           100%        6
 Dragon Form              Tmut           6%           100%        7
 Discord                  Hex            6%           100%        8
 Ignition                 Fire           6%           100%        8


Dungeon Overview and Level Annotations

Branches:
Dungeon (10/15)            Temple (0/1) D:6            Lair (4/6) D:9
 Shoals (0/4) Lair:2       Spider (0/4) Lair:2
    Orc: D:9-12

Shops:
D:5 (   D:8 (

Annotations:
D:7 1 runed translucent door
D:10 3 runed translucent doors, jasper's ghost, journeyman DsBr
Lair:1 puppykicker's ghost, adept FoEE


Innate Abilities, Weirdness & Mutations

You have an increased reservoir of magic. (+10% MP)


Message History

The basilisk bites you.
* * * LOW HITPOINT WARNING * * *
The seven-headed hydra bites you.
* * * LOW HITPOINT WARNING * * *
The seven-headed hydra bites you.
* * * LOW HITPOINT WARNING * * *
The seven-headed hydra bites you!
* * * LOW HITPOINT WARNING * * *
The seven-headed hydra bites you!
* * * LOW HITPOINT WARNING * * *
The seven-headed hydra bites you.
* * * LOW HITPOINT WARNING * * *
The seven-headed hydra bites you!
* * * LOW HITPOINT WARNING * * *
The seven-headed hydra bites you!
* * * LOW HITPOINT WARNING * * *
The basilisk bites you!
* * * LOW HITPOINT WARNING * * *
The seven-headed hydra bites you!
You die...

..............♣
[.............♣
............♣
..........♣
#........♣
#........♣
#.$......♣
#...Y....♣
#.D@l....♣
#........♣
#.........♣
#.........♣
##........♣
.........♣
##........♣
#.........


You could see a seven-headed hydra, an elephant and a basilisk.

Vanquished Creatures
  A boulder beetle (Lair:3)
  2 two-headed ogres
  5 death yaks
  An unseen horror (D:10)
  3 oklob plants
  An elephant (Lair:4)
  A manticore (Lair:2)
  Maurice (D:8)
  4 black mambas (Lair:1)
  6 cane toads
  4 rime drakes
  3 komodo dragons (Lair:3)
  A queen bee (D:10)
  3 jumping spiders (Lair:2)
  A wind drake (Lair:2)
  Prince Ribbit (D:7)
  4 blink frogs (Lair:3)
  2 redbacks (Lair:2)
  A wyvern (Lair:3)
  Grum (D:8)
  10 yaks
  3 wargs
  4 water moccasins
  A hydra simulacrum (Lair:1)
  Duvessa (D:7)
  An orc warrior (D:7)
  A black bear (D:7)
  2 sky beasts
  6 ogres
  12 wolves
  A phantom (D:7)
  2 big kobolds
  11 bullfrogs
  Dowan (D:7)
  An elephant simulacrum (Lair:1)
  20 killer bees (D:10)
  11 wights
  2 howler monkeys
  A quasit (D:9)
  A wyvern simulacrum (Lair:1)
  8 hounds
  3 jellies
  2 bullfrog skeletons
  A centaur skeleton (D:4)
  A centaur zombie (D:5)
  9 orc priests
  2 water moccasin simulacra (Lair:1)
  Crazy Yiuf (D:7)
  Ijyb (D:3)
  2 iguanas
  12 orc wizards
  7 worker ants
  A yak simulacrum (Lair:1)
  2 bullfrog simulacra (Lair:1)
  2 hound zombies (D:4)
  A hound skeleton (D:4)
  A worker ant zombie (D:4)
  Robin (D:3)
  7 adders
  8 gnolls
  3 shadow imps
  4 white imps
  3 ufetubi
  An ooze (D:1)
  An adder skeleton (D:10)
  2 adder zombies (D:4)
  6 worms
  7 leopard geckos
  41 orcs
  2 ball pythons (D:2)
  12 bats
  5 giant cockroaches
  22 goblins
  12 hobgoblins
  2 jackals (D:6)
  13 kobolds
  4 quokkas
  8 frilled lizards
  2 jackal skeletons
  A quokka zombie (D:4)
  6 rats
367 creatures vanquished.

Vanquished Creatures (others)
  A bush (Lair:3)
  17 fungi
  14 plants
  6 withered plants (D:4)
38 creatures vanquished.

Grand Total: 405 creatures vanquished

Notes
Turn   | Place    | Note
-------+----------+-------------------------------------------
     0 | D:1      | lunkers the Demigod Air Elementalist began the quest for
                  | the Orb.
     0 | D:1      | Reached XP level 1. HP: 14/14 MP: 5/5
   247 | D:1      | Reached skill level 3 in Air Magic
   511 | D:1      | Reached XP level 2. HP: 20/20 MP: 5/7
   873 | D:1      | Reached XP level 3. HP: 22/26 MP: 2/9
  1549 | D:2      | Reached skill level 4 in Air Magic
  1880 | D:2      | Reached XP level 4. HP: 29/33 MP: 6/10
  2988 | D:2      | Learned a level 2 spell: Swiftness
  2993 | D:2      | Learned a level 4 spell: Airstrike
  3305 | D:3      | Reached XP level 5. HP: 38/38 MP: 6/12
  3356 | D:3      | Found an opulent altar of Gozag.
  3363 | D:3      | Noticed Ijyb
  3373 | D:3      | Killed Ijyb
  3698 | D:3      | Noticed Robin
  3708 | D:3      | Reached skill level 5 in Air Magic
  3816 | D:3      | Killed Robin
  4519 | D:4      | Reached XP level 6. HP: 45/45 MP: 2/14
  4956 | D:4      | Reached skill level 6 in Air Magic
  5226 | D:4      | Found a broken altar of Ashenzari.
  5469 | D:4      | Reached XP level 7. HP: 28/50 MP: 12/16
  6145 | D:5      | Entered Level 5 of the Dungeon
  6186 | D:5      | Found Kehyjair's Weapon Shoppe.
  6478 | D:5      | Found a shadowy altar of Dithmenos.
  6491 | D:5      | Reached skill level 7 in Air Magic
  7527 | D:5      | Found the +5 robe of Misfortune {*Contam Harm *Corrode
                  | *Drain *Slow EV+5}
  8168 | D:6      | Reached skill level 5 in Spellcasting
  8168 | D:6      | Reached skill level 8 in Air Magic
  8168 | D:6      | Reached XP level 8. HP: 57/57 MP: 9/19
  8707 | D:6      | Found a staircase to the Ecumenical Temple.
  9358 | D:7      | Noticed Prince Ribbit
  9362 | D:7      | Killed Prince Ribbit
  9363 | D:7      | Reached skill level 9 in Air Magic
 10203 | D:7      | Found a runed translucent door.
 10204 | D:7      | Noticed Crazy Yiuf
 10340 | D:7      | Noticed Dowan
 10341 | D:7      | Reached XP level 9. HP: 62/62 MP: 8/22
 10419 | D:7      | Noticed Duvessa
 10422 | D:7      | Killed Duvessa
 10426 | D:7      | Killed Dowan
 10693 | D:7      | Found a glowing golden altar of the Shining One.
 10693 | D:7      | Noticed an angel
 10694 | D:7      | Found a runed translucent door.
 10817 | D:7      | Killed Crazy Yiuf
 10818 | D:7      | Reached skill level 10 in Air Magic
 11284 | D:8      | Noticed Grum
 11378 | D:8      | Killed Grum
 11667 | D:8      | Found Kamahus's Weapon Shoppe.
 11718 | D:8      | Noticed Maurice
 11722 | D:8      | Killed Maurice
 12147 | D:9      | Reached skill level 11 in Air Magic
 12147 | D:9      | Noticed a two-headed ogre
 12626 | D:9      | Killed a two-headed ogre
 12627 | D:9      | Reached XP level 10. HP: 69/69 MP: 0/25
 13020 | D:9      | Found a staircase to the Lair.
 13696 | D:10     | Entered Level 10 of the Dungeon
 13697 | D:10     | Found a runed translucent gate.
 13697 | D:10     | Found a runed translucent gate.
 13699 | D:10     | Found a runed translucent gate.
 13704 | D:10     | Noticed jasper's ghost (journeyman DsBr)
 13940 | D:10     | Killed an unseen horror
 13941 | D:10     | Reached skill level 12 in Air Magic
 14220 | D:10     | Noticed a two-headed ogre
 14225 | D:10     | Killed a two-headed ogre
 14665 | D:10     | Got an iridescent falchion
 14668 | D:10     | Identified the +7 falchion "Ogreslayer" {flame, +Fly} (You
                  | found it on level 10 of the Dungeon)
 15135 | D:10     | Reached skill level 1 in Fighting
 15786 | Lair:1   | Entered Level 1 of the Lair of Beasts
 15879 | Lair:1   | Got a polished leather armour
 15890 | Lair:1   | Identified the +2 leather armour of Vobuc {Slay+2} (You
                  | found it on level 1 of the Lair of Beasts)
 16110 | Lair:1   | Reached XP level 11. HP: 71/80 MP: 12/28
 16270 | Lair:1   | Reached skill level 13 in Air Magic
 16412 | Lair:1   | Found a runed translucent gate.
 16414 | Lair:1   | Found a runed translucent gate.
 16415 | Lair:1   | Found a runed translucent gate.
 17102 | Lair:1   | Noticed puppykicker's ghost (adept FoEE)
 17910 | Lair:1   | Identified Etid Sal's Volume of the Shifting Escort
 17913 | Lair:1   | Got a pair of twisted boots
 17924 | Lair:1   | Identified the cursed -4 pair of boots "Jepsyen" {rF+
                  | Str+6} (You found it on level 1 of the Lair of Beasts)
 18022 | Lair:1   | HP: 4/83 [poisoned by a black mamba]
 18465 | Lair:2   | Found a shimmering altar of Xom.
 18666 | Lair:2   | Found a staircase to the Shoals.
 19701 | Lair:2   | Found a hole to the Spider Nest.
 19880 | Lair:2   | Found a blossoming altar of Fedhas.
 20103 | Lair:3   | Noticed a death yak
 20104 | Lair:3   | Noticed a death yak
 20105 | Lair:3   | Noticed a death yak
 20112 | Lair:2   | Killed a death yak
 20113 | Lair:2   | Reached skill level 14 in Air Magic
 20243 | Lair:3   | Reached skill level 5 in Fighting
 20725 | Lair:3   | Noticed a boulder beetle
 20861 | Lair:3   | Noticed a death yak
 20863 | Lair:3   | Noticed a death yak
 20866 | Lair:3   | Noticed a death yak
 20867 | Lair:3   | Killed a death yak
 20868 | Lair:3   | Reached XP level 12. HP: 94/94 MP: 2/30
 21195 | Lair:3   | Killed a boulder beetle
 21837 | Lair:3   | Reached skill level 10 in Spellcasting
 23055 | Lair:4   | Noticed a seven-headed hydra
 23063 | Lair:4   | Slain by a seven-headed hydra

Illustrated notes

Levels and vault maps discovered:
D:1:      minmay_arrival_glassed_features, layout_basic
D:2:      layout_loops_ring, grunt_ministairs_15, minmay_mini_jars
D:3:      layout_basic, grunt_gozag_statues, uniq_robin, uniq_ijyb
D:4:      layout_loops_corners, ashenzari_conservatory_becter, serial_undead,
          serial_undead_c, serial_undead_e, serial_undead_b, serial_undead_c,
          st_stairs_3
D:5:      layout_loops_corners, serial_shops, nicolae_shop_stone, basic_altar
D:6:      layout_basic, minmay_temple_entry_stoned_glass
D:7:      layout_cave_pools, lemuel_angel_altar, uniq_duvessa,
          uniq_prince_ribbit1, uniq_crazy_yiuf_cottage
D:8:      layout_cave_pools, serial_shops, shop, uniq_grum, uniq_maurice
D:9:      layout_cave_pods, erik_lair_orcish_takeover
D:10:     layout_basic, gammafunk_ghost_spectres, minivault_7
Lair:1:   wander_river, layout_loops_ring, gammafunk_ghost_icy
Lair:2:   layout_chaotic_city, minmay_shoals_entry_beasts,
          nicolae_spider_entry_tight_spaces, basic_altar, tgw_fedhas,
          lemuel_fruit_tree, grunt_megastairs_2, infiniplex_staircase_pool_2
Lair:3:   layout_regular_city, grunt_megastairs_3, minmay_lair_oklob_chamber
Lair:4:   mu_elephants_graveyard, layout_big_grid, basic_altar, uniq_josephine,
          uniq_sonja

Skill      XL: |  1  2  3  4  5  6  7  8  9 10 11 12 |
---------------+-------------------------------------+-----
Air Magic      | 3 4 5 6 8 9 11 12 14 | 14.9
Spellcasting   | 2 3 4 5 6 7 8 9 10 | 10.1
Fighting       | 2 5 6 |  6.4
Dodging        | |  1.7
Stealth        | |  1.7
Conjurations   | |  0.8

Action                   |  1- 3 |  4- 6 |  7- 9 | 10-12 || total
-------------------------+-------+-------+-------+-------++-------
Melee: Unarmed           |     5 |       |       |       ||     5
       Dagger            |     2 |    59 |    65 |     2 ||   128
       Falchion          |       |       |       |    61 ||    61
 Cast: Shock             |   105 |   185 |    32 |     2 ||   324
       Airstrike         |       |       |   157 |   286 ||   443
Evoke: Wand              |       |       |       |     8 ||     8
       Phantom mirror    |       |       |       |     1 ||     1
  Use: Scroll            |       |       |    14 |    10 ||    24
       Potion            |       |       |       |     1 ||     1
Armor: Robe              |     7 |    25 |       |       ||    32
       Leather armour    |       |       |    16 |    38 ||    54
Dodge: Dodged            |    20 |    69 |    24 |    65 ||   178
Block: Other             |       |    19 |    15 |    20 ||    54
       Reflection        |       |     1 |       |       ||     1
       Rpst.: Falchion   |       |       |       |    14 ||    14

Table legend: (Time is in decaauts)
 A = Elapsed time spent in this place.
 B = Non-inter-level travel time spent in this place.
 C = Inter-level travel time spent in this place.
 D = Time resting spent in this place.
 E = Time spent auto-exploring this place.
 F = Levels seen in this place.
 G = Mean time per level.
                   A        B        C        D        E       F      G
               +--------+--------+--------+--------+--------+-----+--------+
         Total |  23107 |  22693 |    414 |   2738 |  17390 |  14 | 1650.5 |
       Dungeon |  15915 |  15613 |    302 |   1276 |  12499 |  10 | 1591.5 |
          Lair |   7192 |   7080 |    112 |   1462 |   4891 |   4 | 1798.0 |
               +--------+--------+--------+--------+--------+-----+--------+

Top non-repeatable levels by time:
  Lair:2: 2591 daAuts
  Lair:1: 2558 daAuts
    D:10: 2073 daAuts
  Lair:3: 2025 daAuts
     D:7: 1837 daAuts
     D:2: 1708 daAuts
     D:4: 1665 daAuts
     D:5: 1604 daAuts
     D:9: 1522 daAuts
     D:6: 1508 daAuts
     D:3: 1465 daAuts
     D:1: 1303 daAuts
     D:8: 1225 daAuts
  Lair:4: 17 daAuts
